 Dungeon Crawl Stone Soup version 0.28-a0-224-g76b539d98b (webtiles) character file.

Game seed: 15357984259012645175

2013 Gargoyl the Skirmisher (level 9, -2/74 HPs)
             Began as a Gnoll Abyssal Knight on Aug 21, 2021.
             Was a Priest of Lugonu.
             Slain by an orc warrior (7 damage)
             ... on level 6 of the Dungeon.
             The game lasted 00:07:56 (6759 turns).

Gargoyl the Skirmisher (Gnoll Abyssal Knight)       Turns: 6759, Time: 00:07:56

Health: -2/74      AC: 19    Str: 15    XL:     9   Next: 22%
Magic:  15/15      EV:  6    Int: 12    God:    Lugonu [***...]
Gold:   976        SH:  0    Dex: 13    Spells: 16/16 levels left

rFire   . . .      SeeInvis .   e - +2 whip (drain)
rCold   . . .      Faith    .   (no shield)
rNeg    . . .      Spirit   .   h - +0 plate armour
rPois   .          Reflect  .   l - +2 hat
rElec   .          Harm     .   (no cloak)
rCorr   .          Rampage  .   j - +1 pair of gloves
Will    .....                   c - +1 pair of boots
Stlth   ..........              (no amulet)
HPRegen 0.22/turn               (no ring)
MPRegen 0.14/turn               (no ring)

@: mighty
A: fangs 1, strong nose, distributed training, claws 1, agile 1, deterioration 1
a: Renounce Religion, Depart the Abyss, Bend Space, Banish


You were on level 6 of the Dungeon.
You worshipped Lugonu.
Lugonu was most pleased with you.
You visited 1 branch of the dungeon, and saw 7 of its levels.
You visited the Abyss 1 time.

You collected 976 gold pieces.

Inventory:

Hand Weapons
 a - a +2 hand axe
 e - a +2 whip of draining (weapon)
Missiles
 i - 39 poisoned darts (quivered)
Armour
 c - a +1 pair of boots (worn)
 h - a +0 plate armour (worn)
 j - a +1 pair of gloves (worn)
 l - a +2 hat (worn)
Wands
 b - a wand of flame (10)
 m - a wand of charming (11)
Scrolls
 g - a scroll of identify
Potions
 d - a potion of cancellation


   Skills:
 + Level 7.8 Fighting
 + Level 4.0 Short Blades
 + Level 4.0 Long Blades
 + Level 6.2 Axes
 + Level 4.0 Maces & Flails
 + Level 4.0 Polearms
 + Level 4.0 Staves
 + Level 4.0 Slings
 + Level 4.0 Bows
 + Level 4.0 Crossbows
 + Level 4.0 Throwing
 + Level 6.2 Armour
 + Level 4.8 Dodging
 + Level 4.0 Stealth
 + Level 4.0 Shields
 + Level 4.0 Unarmed Combat
 + Level 4.0 Spellcasting
 + Level 3.3 Conjurations
 + Level 3.3 Hexes
 + Level 3.3 Summonings
 + Level 3.3 Necromancy
 + Level 3.3 Translocations
 + Level 3.3 Transmutations
 + Level 3.3 Fire Magic
 + Level 3.3 Ice Magic
 + Level 3.3 Air Magic
 + Level 3.3 Earth Magic
 + Level 3.3 Poison Magic
 + Level 6.4 Invocations
 + Level 4.0 Evocations


You had 16 spell levels left.
You didn't know any spells.
Your spell library contained the following spells:

 Spells                   Type           Power      Damage    Failure   Level
 Sting                    Tmut/Pois      40%        1d5       97%         1
 Poisonous Vapours        Pois/Air       20%        N/A       99%         2
 Call Canine Familiar     Summ           10%        N/A       100%        3
 Gell's Gravitas          Tloc           5%         N/A       100%        3
 Lesser Beckoning         Tloc           5%         N/A       100%        3
 Portal Projectile        Hex/Tloc       20%        N/A       100%        3
 Teleport Other           Tloc           10%        N/A       100%        3
 Leda's Liquefaction      Hex/Erth       5%         N/A       100%        4
 Olgreb's Toxic Radiance  Pois           10%        N/A       100%        4


Dungeon Overview and Level Annotations

Branches:
Dungeon (7/15)
 Temple: D:4-7

Altars:
Gozag
Kikubaaqudgha
Wu Jian
Yredelemnul

Annotations:
D:6 3 runed translucent doors, philipeq's ghost, novice DsFi


Innate Abilities, Weirdness & Mutations

You have very sharp teeth.
Your uncanny sense of smell can sniff out nearby items.
Your experience applies equally to all skills.
You have sharp fingernails.
You are agile. (Dex +2)
Your body sometimes deteriorates upon taking damage.


Message History

You barely miss Joseph.
Joseph is almost dead.
Joseph hits you but does no damage.
Unknown command.
You hit Joseph. You bite Joseph.
Joseph is almost dead.
Joseph hits you but does no damage.
Unknown command.
You hit Joseph.
You kill Joseph!
Lugonu accepts your kill.
You feel your dexterity returning.
Your Short Blades skill increases to level 4!
Your Long Blades skill increases to level 4!
Your Maces & Flails skill increases to level 4!
Your Polearms skill increases to level 4!
Your Staves skill increases to level 4!
Your Slings skill increases to level 4!
Your Bows skill increases to level 4!
Your Crossbows skill increases to level 4!
Your Throwing skill increases to level 4!
Your Stealth skill increases to level 4!
Your Shields skill increases to level 4!
Your Unarmed Combat skill increases to level 4!
Your Spellcasting skill increases to level 4!
Your Evocations skill increases to level 4!
Unknown command.
There is an open door here.
An orc wizard appears from thin air!
Reactivating autopickup.
The bullfrog releases a deep croak.
There is a stone staircase leading up here.
The orc warrior hits you with a +0 morningstar.
* * * LOW HITPOINT WARNING * * *
You climb upwards.
Level annotation: 3 runed translucent doors, philipeq's ghost, novice DsFi
There is a stone staircase leading down here.
You whack the orc warrior! Your bite misses the orc warrior.
The orc warrior is severely wounded.
The orc warrior hits you with a +0 morningstar!
You die...

#..##......>.....#.
#..##.............#.
..##......##........
..#........#......#.
∆ ..#.####...#....#.
∆ ....###...........
#.....#.#.........
#...#.#.#.##.##+++
#@.#.....D####Hs..
#o...#...l### o._)
##.###..#...# $W8. ∆
.##...###.# .$..
....## #.## 8∩8 ..#.
##.#
........l.......
∆........D......?
.............


You could see an orc warrior.

Vanquished Creatures
  Joseph (D:7)
  2 trolls
  Menkaure (D:4)
  2 water moccasins
  A black bear (D:6)
  An ice beast (D:7)
  A centaur (D:7)
  A water moccasin zombie (D:6)
  A bullfrog zombie (D:5)
  3 jellies
  A centaur skeleton (D:7)
  4 iguanas
  Robin (D:2)
  2 hound skeletons (D:4)
  4 gnolls (D:3)
  8 adders
  2 shadow imps
  3 white imps
  2 adder skeletons
  2 worms
  A dart slug (D:5)
  6 orcs
  4 ball pythons
  5 bats
  6 endoplasms
  3 giant cockroaches
  6 hobgoblins
  3 quokkas
  3 frilled lizards (D:1)
  14 goblins
  9 kobolds
  2 rats (D:1)
105 creatures vanquished.

Vanquished Creatures (collateral kills)
  A phantom (D:3)
  An adder (D:3)
2 creatures vanquished.

Grand Total: 107 creatures vanquished

Notes
Turn   | Place    | Note
-------+----------+-------------------------------------------
     0 | Abyss:1  | Gargoyl the Gnoll Abyssal Knight began the quest for the
                  | Orb.
     0 | Abyss:1  | Reached XP level 1. HP: 23/23 MP: 3/3
    66 | Abyss:2  | Noticed a large abomination
    72 | D:1      | Escaped the Abyss
   461 | D:1      | Reached * piety under Lugonu
   498 | D:1      | Reached XP level 2. HP: 22/29 MP: 5/5
   899 | D:1      | Found a faded altar of an unknown god.
  1345 | D:2      | Noticed Robin
  1353 | D:2      | Reached XP level 3. HP: 35/35 MP: 6/6
  1373 | D:2      | Killed Robin
  1375 | D:2      | Reached skill level 1 in Short Blades
  1375 | D:2      | Reached skill level 1 in Long Blades
  1375 | D:2      | Reached skill level 1 in Maces & Flails
  1375 | D:2      | Reached skill level 1 in Polearms
  1375 | D:2      | Reached skill level 1 in Staves
  1375 | D:2      | Reached skill level 1 in Slings
  1375 | D:2      | Reached skill level 1 in Bows
  1375 | D:2      | Reached skill level 1 in Crossbows
  1375 | D:2      | Reached skill level 1 in Throwing
  1375 | D:2      | Reached skill level 1 in Stealth
  1375 | D:2      | Reached skill level 1 in Shields
  1375 | D:2      | Reached skill level 1 in Unarmed Combat
  1375 | D:2      | Reached skill level 1 in Spellcasting
  1375 | D:2      | Reached skill level 1 in Evocations
  1579 | D:2      | Reached XP level 4. HP: 38/41 MP: 7/7
  2107 | D:3      | Reached ** piety under Lugonu
  2180 | D:3      | Reached skill level 1 in Conjurations
  2180 | D:3      | Reached skill level 1 in Hexes
  2180 | D:3      | Reached skill level 1 in Summonings
  2180 | D:3      | Reached skill level 1 in Necromancy
  2180 | D:3      | Reached skill level 1 in Translocations
  2180 | D:3      | Reached skill level 1 in Transmutations
  2180 | D:3      | Reached skill level 1 in Fire Magic
  2180 | D:3      | Reached skill level 1 in Ice Magic
  2180 | D:3      | Reached skill level 1 in Air Magic
  2180 | D:3      | Reached skill level 1 in Earth Magic
  2180 | D:3      | Reached skill level 1 in Poison Magic
  2180 | D:3      | Reached XP level 5. HP: 20/47 MP: 8/8
  2483 | D:3      | Found an ornate altar of the Wu Jian Council.
  2593 | D:3      | Noticed a phantom
  2624 | D:3      | Gained mutation: You are agile. (Dex +2) [potion of
                  | mutation]
  2624 | D:3      | Gained mutation: Your body sometimes deteriorates upon
                  | taking damage. [potion of mutation]
  2624 | D:3      | Gained mutation: You have sharp fingernails. [potion of
                  | mutation]
  2637 | D:3      | Killed a phantom
  3382 | D:4      | Reached skill level 5 in Invocations
  3382 | D:4      | Reached XP level 6. HP: 48/53 MP: 9/9
  3893 | D:4      | Noticed Menkaure
  4284 | D:4      | Killed Menkaure
  4285 | D:4      | Reached skill level 5 in Axes
  4285 | D:4      | Reached skill level 5 in Armour
  4604 | D:4      | Reached XP level 7. HP: 47/59 MP: 10/10
  4674 | D:4      | Found an ancient bone altar of Kikubaaqudgha.
  4769 | D:5      | Entered Level 5 of the Dungeon
  4887 | D:5      | Reached skill level 7 in Fighting
  5074 | D:5      | Found a basalt altar of Yredelemnul.
  5487 | D:6      | Noticed a troll
  5505 | D:6      | Killed a troll
  5506 | D:6      | Reached XP level 8. HP: 14/67 MP: 12/12
  5816 | D:6      | Found a runed translucent gate.
  5817 | D:6      | Found a runed translucent gate.
  5818 | D:6      | Found a runed translucent gate.
  5819 | D:6      | Found an opulent altar of Gozag.
  5820 | D:6      | Noticed a manticore
  5821 | D:6      | Identified a scroll of acquirement
  5821 | D:6      | Acquired 635 gold pieces
  5824 | D:6      | Noticed philipeq's ghost (novice DsFi)
  5836 | D:6      | Noticed a five-headed hydra
  6297 | D:7      | Noticed a troll
  6314 | D:7      | Killed a troll
  6533 | D:7      | Reached *** piety under Lugonu
  6534 | D:7      | Reached XP level 9. HP: 57/72 MP: 14/14
  6701 | D:7      | Noticed Joseph
  6722 | D:7      | HP: 2/72 [Joseph (3)]
  6732 | D:7      | Killed Joseph
  6759 | D:6      | Slain by an orc warrior

Illustrated notes

Levels and vault maps discovered:
D:1:      saegor_arrival_miasma, layout_basic,
          shapermc_ecumenical_altar_hornbeckon
D:2:      layout_loops_cross, uniq_robin
D:3:      layout_basic, nzn_wu_jian_contemplation
D:4:      layout_gridville, general_overflow_altar, uniq_menkaure
D:5:      layout_rooms, yredelemnul_altar_generic
D:6:      layout_rooms, lemuel_doored_altar, minmay_temple_entry_waves,
          ebering_ghost_gozag, uniq_duvessa
D:7:      layout_basic, uniq_joseph

Skill      XL: |  1  2  3  4  5  6  7  8  9 |
---------------+----------------------------+-----
Short Blades   | 1 2 3 4 |  4.0
Long Blades    | 1 2 3 4 |  4.0
Maces & Flails | 1 2 3 4 |  4.0
Polearms       | 1 2 3 4 |  4.0
Staves         | 1 2 3 4 |  4.0
Slings         | 1 2 3 4 |  4.0
Bows           | 1 2 3 4 |  4.0
Crossbows      | 1 2 3 4 |  4.0
Throwing       | 1 2 3 4 |  4.0
Stealth        | 1 2 3 4 |  4.0
Shields        | 1 2 3 4 |  4.0
Unarmed Combat | 1 2 3 4 |  4.0
Spellcasting   | 1 2 3 4 |  4.0
Evocations     | 1 2 3 4 |  4.0
Conjurations   | 1 2 3 |  3.3
Hexes          | 1 2 3 |  3.3
Summonings     | 1 2 3 |  3.3
Necromancy     | 1 2 3 |  3.3
Translocations | 1 2 3 |  3.3
Transmutations | 1 2 3 |  3.3
Fire Magic     | 1 2 3 |  3.3
Ice Magic      | 1 2 3 |  3.3
Air Magic      | 1 2 3 |  3.3
Earth Magic    | 1 2 3 |  3.3
Poison Magic   | 1 2 3 |  3.3
Dodging        | 3 4 |  4.8
Invocations    | 5 6 |  6.4
Axes           | 5 6 |  6.2
Armour         | 5 6 |  6.2
Fighting       | 7 |  7.8

Action                   |  1- 3 |  4- 6 |  7- 9 || total
-------------------------+-------+-------+-------++-------
Melee: Hand axe          |    70 |    64 |       ||   134
       Bite              |     3 |    12 |    39 ||    54
       Whip              |       |   106 |   277 ||   383
       Punch             |       |     1 |     1 ||     2
Throw: Dart              |       |       |     1 ||     1
Invok: Depart the Abyss  |     1 |       |       ||     1
       Bend Space        |       |     1 |       ||     1
  Use: Scroll            |     3 |     6 |     5 ||    14
       Potion            |     1 |     5 |     1 ||     7
Armor: Leather armour    |    16 |     8 |       ||    24
       Skin              |    56 |       |       ||    56
       Scale mail        |       |    81 |       ||    81
       Plate armour      |       |    30 |   267 ||   297
Dodge: Dodged            |    28 |    91 |    90 ||   209

Table legend: (Time is in decaauts)
 A = Elapsed time spent in this place.
 B = Non-inter-level travel time spent in this place.
 C = Inter-level travel time spent in this place.
 D = Time resting spent in this place.
 E = Time spent auto-exploring this place.
 F = Levels seen in this place.
 G = Mean time per level.
                   A        B        C        D        E       F      G
               +--------+--------+--------+--------+--------+-----+--------+
         Total |   6753 |   6575 |    178 |    595 |   4658 |   9 |  750.3 |
       Dungeon |   6681 |   6503 |    178 |    595 |   4602 |   7 |  954.4 |
         Abyss |     72 |     72 |      0 |      0 |     56 |   2 |   36.0 |
               +--------+--------+--------+--------+--------+-----+--------+

Top non-repeatable levels by time:
     D:4: 1469 daAuts
     D:1: 1277 daAuts
     D:3: 1212 daAuts
     D:5: 868 daAuts
     D:2: 739 daAuts
     D:7: 640 daAuts
     D:6: 473 daAuts
 Abyss:2: 69 daAuts
 Abyss:1: 3 daAuts
